AoeStats
← KK

African Clearing

506990793Analyzed
4v4 RM · 17d ago on Sep 16, 2026· 33m 7s· 8 players
Game mode
Random Map
Map size
Large (8 player)
Population
200
Speed
Normal
Resources
Standard
Victory
Conquest
Starting age
Dark Age
Ending age
Imperial Age
RankedLock teamsTeams togetherTeam positionsShared explorationLock speedFull tech treeHidden civsTurbo modeCheats
Victory
Defeat
🇨🇱 Portuguese · Chile
1680
+8
🇨🇱 Britons · Chile
1677
+8
🇨🇳 Mongols · China
1538
+13
🇩🇪 Tatars · Germany
1370
+19
🇨🇳 Celts · China
1530
-14
🇹🇼 Slavs · Taiwan
1529
-14
🇻🇳 Chinese · Vietnam
1452
-11
🇺🇸 Bohemians · United States
1393
-9
qwer
7:50 Loom
14:10 Feudal Age
19:37 Castle Age
18:02 Double-Bit Axe
29:19 Redemption
29:34 Fervor
29:45 Sanctity
31:04 Town Watch
Sunny Day
4:20 Loom
12:45 Feudal Age
13:58 Double-Bit Axe
17:47 Fletching
19:08 Padded Archer Armor
33:28 Castle Age
Valodimer
3:42 Loom
13:42 Feudal Age
14:50 Gold Mining
15:38 Double-Bit Axe
16:30 Fletching
17:23 Padded Archer Armor
20:33 Horse Collar
24:09 Castle Age
24:59 Bodkin Arrow
24:26 Crossbowman
25:28 Thumb Ring
27:42 Heavy Plow
28:30 Leather Archer Armor
30:44 Wheelbarrow
30:35 Ballistics
31:57 Bow Saw
KK
11:35 Loom
13:41 Feudal Age
14:46 Double-Bit Axe
17:38 Castle Age
[CL] castiii
3:22 Loom
12:03 Feudal Age
12:47 Double-Bit Axe
14:32 Fletching
18:16 Padded Archer Armor
21:41 Town Watch
22:32 Wheelbarrow
23:31 Double-Bit Axe
23:31 Horse Collar
31:00 Castle Age
32:19 Bow Saw
_______
9:40 Loom
13:29 Feudal Age
17:08 Castle Age
15:34 Fletching
16:56 Double-Bit Axe
17:45 Bodkin Arrow
32:35 Scale Barding Armor
32:26 Horse Collar
Darth Maul
9:06 Loom
12:08 Feudal Age
12:46 Double-Bit Axe
13:25 Fletching
19:01 Padded Archer Armor
20:16 Wheelbarrow
25:59 Castle Age
24:23 Gold Mining
24:26 Fishing Lines
25:02 Stone Mining
26:02 Crossbowman
26:38 Bodkin Arrow
27:08 Bow Saw
ty
11:11 Loom
13:30 Feudal Age
17:00 Castle Age
15:21 Double-Bit Axe
17:14 Fletching
17:53 Bow Saw
23:47 Horse Collar
27:04 Padded Archer Armor
27:50 Gold Mining
29:24 Bodkin Arrow
31:09 Leather Archer Armor
32:31 Devotion
32:47 Bloodlines
32:38 Husbandry
Connection lost

Rejoining the realm…

Still unreachable

The connection could not be restored.

Session expired

The server has moved on; the page needs a fresh start.